 Dungeon Sprint DCSS version 0.16-a0-3540-gcd4db26 (webtiles) character file.

4665 BluebellGnoll the Thaumaturge (level 10, 0/56 HPs)
             Began as an Octopode Enchanter on Jan 9, 2015.
             Was the Champion of Vehumet.
             Slain by an ironheart preserver
             ... wielding a +0 dire flail
              (23 damage)
             ... in the Dungeon (Sprint V: "Ziggurat Sprint").
             The game lasted 00:18:40 (723 turns).

BluebellGnoll the Thaumaturge (Octopode Enchanter)   Turns: 723, Time: 00:18:41

Health: 0/56       AC:  1    Str: 19    XL:     10   Next: 44%
Magic:  8/32       EV: 19    Int: 34    God:    Vehumet [******]
Gold:   0          SH: 30    Dex: 24    Spells: 9 memorised, 8 levels left

rFire  . . .     SeeInvis .     M - +5 quick blade (pierce)
rCold  . . .     Clarity  .     L - +18 shield of the gong {rElec rN+ MR+ EV-5}
rNeg   + . .     SustAb   .     (helmet restricted)
rPois  .         Gourm    .     (no amulet)
rElec  +         Spirit   .     n - +6 ring of dexterity
rCorr  .         Warding  .     o - +6 ring of dexterity
rMut   .         NoTele   +     p - +6 ring of intelligence
MR     +....                    q - +6 ring of intelligence
Stlth  +++++++...               r - +6 ring of strength
                                s - +6 ring of strength
                                a - ring of stealth
                                X - ring of wizardry

@: very slightly contaminated, studying Stealth, somewhat resistant to hostile
enchantments, extremely stealthy
A: almost no armour, amphibious, 8 rings, constrict 8, camouflage 1, gelatinous
body 1
a: Renounce Religion


You were in the Dungeon.
You worshipped Vehumet.
Vehumet was exalted by your worship.
You were full.

You visited 1 branch

Inventory:

Hand weapons
 K - the cursed +14 obsidian axe {chop, +Fly Str+3 SInv Curse}
   (You found it in the Dungeon)

   It inflicts extra damage upon your enemies.
   It affects your strength (+3).
   It enhances your eyesight.
   It lets you fly.
   It may recurse itself when equipped.
   It has a curse placed upon it.
 M - a +5 quick blade of piercing (weapon)
 T - the cursed +2 dagger of the Forsaken Planets {flame, rElec Int+1}
   (You found it in the Dungeon)

   It emits flame when wielded, causing extra injury to most foes and up to half
   again as much damage against particularly susceptible opponents.
   It affects your intelligence (+1).
   It insulates you from electricity.
   It has a curse placed upon it.
Armour
 L - the +18 shield of the gong (worn) {rElec rN+ MR+ EV-5}
   (You found it in the Dungeon)

   It affects your evasion (-5).
   It insulates you from electricity.
   It protects you from negative energy.
   It affects your resistance to hostile enchantments.
Magical staves
 t - an uncursed staff of energy
Jewellery
 a - a ring of stealth (on tentacle)
 n - a +6 ring of dexterity (left tentacle)
 o - a +6 ring of dexterity (right tentacle)
 p - a +6 ring of intelligence (on tentacle)
 q - a +6 ring of intelligence (on tentacle)
 r - a +6 ring of strength (on tentacle)
 s - a +6 ring of strength (on tentacle)
 Q - an uncursed ring of positive energy
 X - a ring of wizardry (on tentacle)
 Z - an uncursed ring of ice
Magical devices
 b - a wand of disintegration (7)
 k - a wand of fire (5)
 l - a wand of cold (3)
 m - a wand of draining (5)
 H - a wand of slowing (20)
 N - a wand of magic darts (10)
 W - a wand of heal wounds (6)
Scrolls
 j - 3 scrolls of blinking
 w - 4 scrolls of amnesia
 x - 3 scrolls of recharging
 y - 7 scrolls of fog
 z - a scroll of holy word
 A - 5 scrolls of identify
 B - 5 scrolls of remove curse
 C - 2 scrolls of fear
Potions
 e - 10 potions of curing
 f - 9 potions of heal wounds
 g - 4 potions of haste
 h - 6 potions of magic
 i - 2 potions of berserk rage
 D - a potion of brilliance
 E - 2 potions of invisibility
 F - 3 potions of restore abilities
 G - 4 potions of resistance
 I - 3 potions of agility
 J - 3 potions of might
Books
 c - a book of Enchantments

   Spells                             Type                      Level
   a - Tukima's Dance                 Hexes                        3
   b - Cause Fear                     Hexes                        4
   c - Silence                        Hexes/Air                    5
   d - Deflect Missiles               Charms/Air                   6
   e - Haste                          Charms                       6
   f - Discord                        Hexes                        8
 Y - a manual of Stealth
Miscellaneous
 O - a sack of spiders
 P - a fan of gales
 R - a lamp of fire
 S - a sack of spiders
Comestibles
 d - 5 bread rations
 u - 42 fruits
 v - 3 meat rations


   Skills:
 - Level 3.3 Short Blades
 - Level 12.1 Dodging
 + Level 8.3 Stealth
 - Level 7.3 Shields
 - Level 14.3 Spellcasting
 - Level 7.1 Conjurations
 * Level 6.0 Hexes
 - Level 5.2 Fire Magic


You had 8 spell levels left.
You knew the following spells:

 Your Spells              Type           Power        Failure   Level  Hunger
a - Corona                Hex            ######.      1%          1    None
b - Ensorcelled Hibernat  Hex/Ice        #####.       1%          2    None
c - Confuse               Hex            ######..     1%          3    None
d - Fireball              Conj/Fire      ######....   1%          5    None
e - Dazzling Spray        Conj/Hex       ######..     1%          3    None
f - Enslavement           Hex            ######..     1%          4    None
g - Mephitic Cloud        Conj/Pois/Air  #####...     1%          3    None
h - Sticky Flame          Conj/Fire      ######..     1%          4    None
i - Iskenderun's Mystic   Conj           ######..     1%          4    None


Dungeon Overview and Level Annotations

Branches:
Dungeon (1/1)

Altars:
Ashenzari
Cheibriados
Dithmenos
Elyvilon
Fedhas
Gozag
Kikubaaqudgha
Makhleb
Nemelex Xobeh
Okawaru
Qazlal
Ru
Sif Muna
Trog
Vehumet
Xom
Yredelemnul
Zin
The Shining One
Beogh
Jiyva
Lugonu


Innate Abilities, Weirdness & Mutations

You cannot wear most types of armour.
You are amphibious.
You can wear up to eight rings at the same time.
You can use your tentacles to constrict many enemies at once.
Your skin changes colour to match your surroundings (Stealth).
Your rubbery body absorbs attacks (AC +1).


Message History

The deep elf fighter gestures at you while chanting.
You block the puff of flame.
PTOANNNG!
The ironheart preserver struggles to escape constriction.
Your boulder beetle bites the ironheart preserver!!
Casting: Enslavement
Confirm with . or Enter, or press ? or * to list all spells.
Aiming: Confuse
Press: ? - help, Shift-Dir - straight line, f - deep elf fighter, p - boulder beetle
Aim: a deep elf fighter, wielding a scimitar (chance 61%)
The deep elf fighter appears confused.
You constrict the ironheart preserver.
The ironheart preserver is no longer blind.
The vault guard hits the deep elf fighter with a dire flail of draining!!
The vault guard drains the deep elf fighter!
The deep elf fighter is killed!
Vehumet accepts your kill.
You feel your power returning.
Your Hexes skill increases to level 6!
The ironheart preserver hits you with a dire flail!!
You die... 8s8

..:|=:|..
▓...:|:[..▓
▓.........▓
▓.........▓
▓.p.......▓
▓......§..▓
▓...pB)...▓
▓....@p...▓
▓▓▓▓▓▓▓▓▓▓▓


You could see an ironheart preserver, a vault guard (confused), a wolf spider
(confused), an ironbrand convoker (confused) and a friendly boulder beetle.

Vanquished Creatures
  A vault guard (D)
  A deep elf knight (D)
  A deep elf conjurer (D)
  3 draconians (D)
  A yak (D)
  2 deep elf magi (D)
  3 wyverns (D)
  A hippogriff (D)
  A deep elf fighter (D)
  2 wolves (D)
  2 mottled dragons (D)
  A water moccasin (D)
  A phantom (D)
  2 swamp drakes (D)
  A porcupine (D)
  Sigmund (D)
  Blork the orc (D)
  Crazy Yiuf (D)
  3 orc wizards (D)
  An orc priest (D)
  2 iguanas (D)
  A sheep (D)
  Jessica (D)
  2 adders (D)
  2 adder zombies (D)
  An adder skeleton (D)
  2 orcs (D)
  A ball python (D)
  A giant gecko skeleton (D)
  2 jackals (D)
45 creatures vanquished.

Vanquished Creatures (collateral kills)
  A deep elf fighter (D)
  A fungus (D)
2 creatures vanquished.

Vanquished Creatures (others)
  A spatial maelstrom (D)
  A boulder beetle (D)
  A fire elemental (D)
3 creatures vanquished.

Grand Total: 50 creatures vanquished

Notes
Turn   | Place    | Note
--------------------------------------------------------------
     0 | D        | BluebellGnoll, the Octopode Enchanter, began the quest for the Orb.
     0 | D        | Reached XP level 1. HP: 11/11 MP: 3/3
     0 | D        | Found a viscous altar of Jiyva.
     0 | D        | Found a corrupted altar of Lugonu.
     0 | D        | Found a white marble altar of Elyvilon.
     2 | D        | Found a sparkling altar of Nemelex Xobeh.
     2 | D        | Found a burning altar of Makhleb.
     2 | D        | Found a deep blue altar of Sif Muna.
     3 | D        | Found a bloodstained altar of Trog.
     3 | D        | Banished a spatial maelstrom
     6 | D        | Found an iron altar of Okawaru.
    17 | D        | Found a radiant altar of Vehumet.
    18 | D        | Found a basalt altar of Yredelemnul.
    37 | D        | Found a shimmering altar of Xom.
    44 | D        | Became a worshipper of Vehumet
    50 | D        | Reached skill level 7 in Shields
    50 | D        | Reached XP level 2. HP: 17/17 MP: 4/4
    59 | D        | Learned a level 2 spell: Ensorcelled Hibernation
    59 | D        | Entered arena 1.
    59 | D        | Noticed an iguana
    63 | D        | Killed an iguana
    63 | D        | Reached XP level 3. HP: 21/21 MP: 4/6
    74 | D        | Learned a level 3 spell: Confuse
    84 | D        | Entered arena 2.
    84 | D        | Noticed a draconian
    84 | D        | Noticed a draconian
    84 | D        | Noticed a draconian
   101 | D        | Killed a draconian
   101 | D        | Acquired Vehumet's first power
   101 | D        | Offered knowledge of Freeze by Vehumet.
   101 | D        | Reached skill level 11 in Spellcasting
   101 | D        | Reached XP level 4. HP: 24/27 MP: 0/21
   101 | D        | Reached XP level 5. HP: 27/31 MP: 0/23
   101 | D        | Reached XP level 6. HP: 31/36 MP: 0/25
   106 | D        | Killed a draconian
   106 | D        | Reached skill level 13 in Spellcasting
   106 | D        | Reached XP level 7. HP: 20/41 MP: 5/28
   117 | D        | Killed a draconian
   117 | D        | Reached skill level 14 in Spellcasting
   117 | D        | Reached XP level 8. HP: 16/46 MP: 9/30
   126 | D        | Learned a level 3 spell: Dazzling Spray
   131 | D        | Learned a level 4 spell: Enslavement
   309 | D        | Entered arena 3.
   309 | D        | Noticed Sigmund
   309 | D        | Noticed Jessica
   309 | D        | Noticed Blork the orc
   309 | D        | Noticed Crazy Yiuf
   313 | D        | Killed Crazy Yiuf
   313 | D        | Offered knowledge of Shock by Vehumet.
   313 | D        | Reached skill level 5 in Stealth
   319 | D        | Killed Sigmund
   322 | D        | Killed Blork the orc
   324 | D        | Killed Jessica
   324 | D        | Reached skill level 5 in Hexes
   338 | D        | Entered arena 4.
   338 | D        | Noticed a water moccasin
   348 | D        | Acquired Vehumet's second power
   356 | D        | Killed a water moccasin
   364 | D        | Entered arena 5.
   364 | D        | Noticed a phantom
   373 | D        | Acquired Vehumet's third power
   381 | D        | Killed a phantom
   381 | D        | Reached skill level 5 in Dodging
   438 | D        | Entered arena 6.
   438 | D        | Noticed a deep elf knight
   438 | D        | Noticed a deep elf mage
   438 | D        | Noticed a deep elf fighter
   438 | D        | Noticed a deep elf mage
   438 | D        | Noticed a deep elf conjurer
   452 | D        | Killed a deep elf mage
   452 | D        | Reached XP level 9. HP: 51/51 MP: 13/31
   455 | D        | Killed a deep elf fighter
   456 | D        | Killed a deep elf mage
   457 | D        | Killed a deep elf conjurer
   459 | D        | Killed a deep elf knight
   475 | D        | Got the cursed +2 dagger of the Forsaken Planets {flame, rElec Int+1}
   478 | D        | Entered arena 7.
   478 | D        | Noticed an orc wizard
   478 | D        | Noticed an orc wizard
   478 | D        | Noticed an orc wizard
   478 | D        | Noticed an orc priest
   487 | D        | Killed an orc wizard
   490 | D        | Killed an orc wizard
   493 | D        | Killed an orc wizard
   495 | D        | Killed an orc priest
   523 | D        | Learned a level 5 spell: Fireball
   583 | D        | Entered arena 8.
   583 | D        | Noticed a swamp drake
   583 | D        | Noticed a wyvern
   583 | D        | Noticed a mottled dragon
   583 | D        | Noticed a wyvern
   583 | D        | Noticed a wyvern
   583 | D        | Noticed a mottled dragon
   583 | D        | Noticed a swamp drake
   590 | D        | Killed a wyvern
   590 | D        | Offered knowledge of Mephitic Cloud by Vehumet.
   590 | D        | Reached skill level 1 in Conjurations
   590 | D        | Reached skill level 1 in Fire Magic
   592 | D        | Killed a wyvern
   592 | D        | Killed a mottled dragon
   592 | D        | Reached XP level 10. HP: 56/56 MP: 7/32
   594 | D        | Killed a swamp drake
   598 | D        | Killed a wyvern
   601 | D        | Killed a mottled dragon
   606 | D        | Killed a swamp drake
   606 | D        | Reached skill level 5 in Fire Magic
   623 | D        | Learned a level 3 spell: Mephitic Cloud
   624 | D        | Entered arena 9.
   624 | D        | Noticed a wolf
   624 | D        | Noticed a hippogriff
   624 | D        | Noticed a wolf
   624 | D        | Noticed a porcupine
   624 | D        | Noticed an iguana
   624 | D        | Noticed a yak
   629 | D        | Offered knowledge of Iskenderun's Mystic Blast by Vehumet.
   630 | D        | Killed a porcupine
   630 | D        | Reached skill level 5 in Conjurations
   632 | D        | Killed an iguana
   653 | D        | Killed a hippogriff
   659 | D        | Killed a yak
   665 | D        | Killed a wolf
   671 | D        | Killed a wolf
   689 | D        | Learned a level 4 spell: Iskenderun's Mystic Blast
   694 | D        | Learned a level 4 spell: Sticky Flame
   709 | D        | Entered arena 10.
   709 | D        | Noticed an ironbrand convoker
   709 | D        | Noticed an ironbrand convoker
   709 | D        | Noticed a boulder beetle
   709 | D        | Noticed a wolf spider
   709 | D        | Noticed a deep elf fighter
   709 | D        | Noticed a vault guard
   709 | D        | Noticed a boulder beetle
   709 | D        | Noticed a vault guard
   709 | D        | Noticed an ironheart preserver
   715 | D        | a boulder beetle (ally) was killed
   719 | D        | Killed a vault guard
   719 | D        | Offered knowledge of Stone Arrow by Vehumet.
   723 | D        | Killed a deep elf fighter
   723 | D        | Slain by an ironheart preserver

Action                   |  1- 3 |  4- 6 |  7- 9 | 10-12 || total
-------------------------+-------+-------+-------+-------++-------
Melee: Quick blade       |     9 |     5 |    39 |    35 ||    88
 Cast: Confuse           |     2 |       |    13 |     5 ||    20
       Ensorcelled Hiber |       |       |     5 |       ||     5
       Dazzling Spray    |       |       |     6 |     6 ||    12
       Fireball          |       |       |     2 |     1 ||     3
       Mephitic Cloud    |       |       |       |     4 ||     4
       Enslavement       |       |       |       |     2 ||     2
Evoke: Wand              |     2 |       |       |       ||     2
       Fan of gales      |       |       |     1 |       ||     1
       Lamp of fire      |       |       |     1 |       ||     1
  Use: Potion            |     2 |       |     9 |     1 ||    12
       Scroll            |       |       |     2 |       ||     2
 Stab: Sleeping          |     2 |       |     4 |       ||     6
       Confused          |       |       |     4 |     4 ||     8
       Invisible         |       |       |     1 |     3 ||     4
  Eat: Meat ration       |       |       |       |     1 ||     1
